 Dungeon Crawl Stone Soup version 0.31-a0-1154-gadca813884 (webtiles) character file.

Game seed: 15166755103596602865

347 Arzdou the Sneak (level 6, -2/11 (36) HPs)
             Began as an Octopode Fire Elementalist on Dec 7, 2023.
             Was a Believer of Vehumet.
             Succumbed to a kobold brigand's curare-tipped dart
             ... on level 4 of the Dungeon.
             The game lasted 00:06:53 (3956 turns).

Arzdou the Sneak (Octopode Fire Elementalist)       Turns: 3956, Time: 00:06:53

HP:   -2/11 (36)    AC:  1    Str: 19    XL:     6   Next: 59%
MP:   10/10         EV: 14    Int: 20    God:    Vehumet [**....]
Gold: 275           SH:  0    Dex: 12    Spells: 4/11 levels left

rFire   . . .        g - +6 dagger (drain)
rCold   . . .        (no shield)
rNeg    . . .        (helmet restricted)
rPois   .            (no amulet)
rElec   .            c - +6 ring of strength
rCorr   .            o - +6 ring of strength
SInv    +            r - ring of see invisible
Will    +....        (no ring)
Stlth   ++++         (no ring)
HPRegen 0.21/turn    (no ring)
MPRegen 0.12/turn    (no ring)
                     (no ring)

%: no passive effects
@: lethally poisoned (-2 -> -14), enlightened, flying, hasted and slowed,
extremely drained
A: almost no armour, amphibious, 8 rings, camouflage 1, gelatinous body 1,
(nimble swimmer 1), tentacles
a: Renounce Religion


You were on level 4 of the Dungeon.
You worshipped Vehumet.
Vehumet was pleased with you.
You visited 1 branch of the dungeon, and saw 4 of its levels.
You also visited: Ossuary.

You collected 275 gold pieces.

Inventory:

Hand Weapons
 e - a +0 long sword
 g - a +6 dagger of draining (weapon)
Armour
 p - a +0 buckler
Jewellery
 c - a +6 ring of strength (left tentacle)
 o - a +6 ring of strength (right tentacle)
 r - a ring of see invisible (on tentacle)
Scrolls
 b - 3 scrolls of noise
 d - 2 scrolls of revelation
 i - a scroll of enchant armour {unknown}
 j - a scroll of poison {unknown}
 l - 2 scrolls of fear {unknown}
 s - 3 scrolls of butterflies
 t - 3 scrolls of teleportation
Potions
 a - 2 potions of magic
 f - a potion of haste
 h - 3 potions of enlightenment
 m - 2 potions of mutation {unknown}
 n - 2 potions of invisibility
 q - a potion of might {unknown}
 u - a potion of curing {unknown}
 v - a potion of degeneration {unknown}


   Skills:
 + Level 3.5 Dodging
 + Level 4.9 Stealth
 + Level 3.2 Spellcasting
 + Level 2.8 Conjurations
 + Level 4.1 Fire Magic


You had 4 spell levels left.
You knew the following spells:

 Your Spells              Type           Power      Damage    Failure   Level
a - Foxfire               Conj/Fire      68%        2x1d7     3%          1
b - Scorch                Fire           38%        2d6       3%          2
c - Flame Wave            Conj/Fire      17%        2d7       32%         4

Your spell library contained the following spells:

 Spells                   Type           Power      Damage    Failure   Level
 Searing Ray              Conj           28%        2d5       6%          2
 Apportation              Tloc           6%         N/A       14%         1
 Inner Flame              Hex/Fire       11%        N/A       19%         3
 Volatile Blastmotes      Fire/Tloc      22%        2d11      19%         3
 Jinxbite                 Hex            6%         N/A       22%         2
 Summon Guardian Golem    Hex/Summ       3%         N/A       38%         3
 Tukima's Dance           Hex            3%         N/A       38%         3
 Iskenderun's Mystic Bla  Conj/Tloc      8%         2d4       61%         4
 Dimensional Bullseye     Hex/Tloc       1%         N/A       80%         4
 Alistair's Intoxication  Tmut/Pois      2%         N/A       98%         5
 Orb of Destruction       Conj           7%         9d6       100%        7
 Spellforged Servitor     Conj/Summ      4%         N/A       100%        7


Dungeon Overview and Level Annotations

Branches:
Dungeon (4/15)            Ossuary (visited)
 Temple: D:4-7

Altars:
Vehumet


Innate Abilities, Weirdness & Mutations

You cannot wear most types of armour.
You are amphibious.
You can wear up to eight rings at the same time.
Your skin changes colour to match your surroundings (Stealth+).
Your rubbery body absorbs attacks. (AC +1, EV +1)
((You are camouflaged when in or above water. (Stealth+)))
You have tentacles for arms and can constrict up to eight enemies at once.


Message History

You kill the kobold!
Vehumet accepts your kill.
The foxfire hits the kobold but does no damage.
You conjure some foxfire!
A kobold comes into view. It is wielding a +0 dagger.
You puncture the kobold!
You kill the kobold!
Vehumet accepts your kill.
You feel your power returning.
The foxfire hits the kobold.
You kill the kobold!
Vehumet accepts your kill.
You feel your power returning.
Your foxfire dissipates!
Your magical contamination has completely faded away.
Magic restored.
Things that are here:
a +0 club; a +0 club
Things that are here:
a +0 dagger; a kobold corpse
Things that are here:
a +0 dagger; a kobold corpse
Things that are here:
a +0 dagger; a kobold corpse
Things that are here:
a +0 club; a +0 dagger You see here a +0 dagger.
A kobold brigand comes into view.
It is wielding a +0 war axe and quivering curare-tipped darts.
The kobold brigand shouts!
The kobold brigand throws a curare-tipped dart.
The curare-tipped dart hits you.
You are lethally poisoned!
You have difficulty breathing.
You feel yourself slow down.
It was a potion of enlightenment.
You feel very buoyant.
You fly up into the air.
Ouch! That really hurt!
* * * LOW HITPOINT WARNING * * *
You feel very sick.
It was a potion of haste.
You feel yourself speed up.
You die...

.# .# .# # ..
##.......###### .. #
.......)...... ..
#.#..~~~.####### .## ##
~~~~~~~~# #
##...######~~~≈~≈~
.K.....@..###≈≈≈#######
..###.......#####.....##
######..).))))....##
###....)####... #######
##.. #... +... #... ##..


You could see a kobold brigand.

Vanquished Creatures
  Natasha (thrice) (D:2)
  A hound zombie (D:4)
  2 hound skeletons (D:4)
  A mummy (Ossuary)
  3 adders
  4 gnolls (D:3)
  2 adder zombies (D:4)
  A worm (D:2)
  3 adder skeletons (D:4)
  3 dart slugs
  An orc (D:4)
  6 spectral bats (Ossuary)
  3 bat simulacra (Ossuary)
  3 endoplasms
  A giant cockroach (D:2)
  12 gnoll zombies (Ossuary)
  10 goblins
  7 hobgoblins
  5 jackals
  A quokka (D:3)
  7 ball pythons
  7 bats
  5 frilled lizards
  6 goblin zombies (Ossuary)
  5 hobgoblin zombies (Ossuary)
  11 kobolds
  6 kobold simulacra (Ossuary)
  4 kobold zombies (Ossuary)
  3 orc zombies (Ossuary)
  3 rats
  2 rat simulacra (Ossuary)
  A spectral goblin (Ossuary)
  4 spectral kobolds (Ossuary)
  2 spectral rats (Ossuary)
138 creatures vanquished.

Vanquished Creatures (others)
  265 foxfires
265 creatures vanquished.

Grand Total: 403 creatures vanquished

Notes
Turn   | Place    | Note
-------+----------+-------------------------------------------
     0 | D:1      | Arzdou the Octopode Fire Elementalist began the quest for
                  | the Orb.
     0 | D:1      | Reached XP level 1. HP: 11/11 MP: 3/3
   266 | D:1      | Reached XP level 2. HP: 16/17 MP: 5/5
   734 | D:1      | You fall into a shaft and drop 1 floor!
   748 | D:2      | Identified the +0 robe of Butiraoteo {Str+3}
   843 | D:1      | Reached XP level 3. HP: 21/21 MP: 6/6
  1154 | D:2      | Noticed Natasha
  1158 | D:2      | Killed Natasha
  1248 | D:2      | Reached XP level 4. HP: 18/27 MP: 7/7
  1307 | D:2      | Noticed Natasha
  1315 | D:2      | Killed Natasha
  1581 | D:2      | Noticed Natasha
  1586 | D:2      | Killed Natasha
  1587 | D:2      | Reached XP level 5. HP: 31/31 MP: 4/9
  1641 | D:2      | Learned a level 2 spell: Scorch
  1646 | D:2      | Learned a level 4 spell: Flame Wave
  2138 | D:3      | Found a radiant altar of Vehumet.
  2154 | D:3      | Became a worshipper of Vehumet
  2789 | D:4      | Reached XP level 6. HP: 36/36 MP: 8/10
  2837 | D:4      | Found a sand-covered staircase.
  2886 | Ossuary  | Entered an ossuary
  2934 | Ossuary  | Reached * piety under Vehumet
  2934 | Ossuary  | Offered knowledge of Sandblast by Vehumet.
  3417 | Ossuary  | Offered knowledge of Searing Ray by Vehumet.
  3425 | Ossuary  | Reached ** piety under Vehumet
  3956 | D:4      | Succumbed to a kobold brigand's curare-tipped dart

Illustrated notes

Levels and vault maps discovered:
D:1:      scummos_arrival_forest, layout_basic, minmay_misc_feat_chi,
          minmay_pentomino_s4
D:2:      layout_rooms, uniq_natasha
D:3:      layout_basic, lemuel_doored_altar, mrwooster_statue_mirror
D:4:      cheibrodos_thug_alley, layout_loops_corners,
          mainiacjoe_overflow_alcove_4, mainiacjoe_ossuary_entry_find_the_door,
          minivault_27, minmay_misc_feat_x, uniq_blork_the_orc

Skill      XL: |  1  2  3  4  5  6 |
---------------+-------------------+-----
Stealth        | 3 4 |  4.9
Conjurations   | 2 |  2.8
Dodging        | 3 |  3.5
Spellcasting   | 3 |  3.2
Fire Magic     | 4 |  4.1

Action                     |  1- 3 |  4- 6 || total
---------------------------+-------+-------++-------
  Melee: Long sword        |    14 |       ||    14
         Dagger            |    14 |    95 ||   109
         Tentacles         |     3 |    26 ||    29
         Constrict         |     3 |    21 ||    24
         Punch             |       |     4 ||     4
   Cast: Foxfire           |    25 |   128 ||   153
    Use: Scroll            |       |     9 ||     9
         Potion            |       |     2 ||     2
   Stab: Sleeping          |     5 |    25 ||    30
 Armour: Skin              |    21 |    94 ||   115
  Dodge: Dodged            |    24 |   162 ||   186

Table legend: (Time is in decaauts)
 A = Elapsed time spent in this place.
 B = Non-inter-level travel time spent in this place.
 C = Inter-level travel time spent in this place.
 D = Time resting spent in this place.
 E = Time spent auto-exploring this place.
 F = Levels seen in this place.
 G = Mean time per level.
                   A        B        C        D        E       F      G
               +--------+--------+--------+--------+--------+-----+--------+
         Total |   3960 |   3871 |     89 |     68 |   3061 |   5 |  792.0 |
       Dungeon |   3290 |   3201 |     89 |     68 |   2622 |   4 |  822.5 |
       Ossuary |    669 |    669 |      0 |      0 |    439 |   1 |  669.0 |
               +--------+--------+--------+--------+--------+-----+--------+

Top non-repeatable levels by time:
     D:1: 1010 daAuts
     D:3: 882 daAuts
     D:2: 838 daAuts
 Ossuary: 669 daAuts
     D:4: 559 daAuts
